AoeStats
← Buhr

MegaRandom

509924078Analyzed
4v4 RM · 5d ago on Sep 28, 2026· 26m 32s· 8 players
Game mode
Random Map
Map size
Large (8 player)
Population
200
Speed
Normal
Resources
Standard
Victory
Conquest
Starting age
Dark Age
Ending age
Imperial Age
RankedLock teamsTeams togetherTeam positionsShared explorationLock speedFull tech treeHidden civsTurbo modeCheats
Victory
Defeat
🇳🇱 Teutons · Netherlands
1858
+8
🇳🇱 Malians · Netherlands
1810
+9
🇩🇪 Huns · Germany
1768
+11
🇩🇪 Celts · Germany
1684
+14
🇷🇺 Bohemians · Russia
1768
-15
🇳🇴 Wei · Norway
1698
-12
🇺🇸 Mongols · United States
1575
-8
🇭🇰 Gurjaras · Hong Kong SAR China
1550
-7
Buhr
6:37 Loom
9:20 Feudal Age
9:50 Double-Bit Axe
12:19 Scale Barding Armor
12:06 Horse Collar
25:11 Castle Age
24:09 Bloodlines
24:54 Gold Mining
daMastah2
8:29 Feudal Age
6:48 Loom
10:03 Double-Bit Axe
9:59 Horse Collar
19:26 Town Watch
21:20 Wheelbarrow
24:57 Castle Age
22:53 Gold Mining
23:44 Fletching
23:55 Padded Archer Armor
24:12 Bloodlines
25:39 Husbandry
25:40 Bodkin Arrow
[RUS-F] Dourdom
6:24 Loom
8:55 Feudal Age
13:01 Fletching
15:02 Double-Bit Axe
16:02 Padded Archer Armor
19:37 Wheelbarrow
23:50 Castle Age
22:48 Horse Collar
24:27 Bodkin Arrow
23:53 Crossbowman
26:15 Leather Archer Armor
27:06 Ballistics
jardan1234
9:59 Feudal Age
11:21 Loom
11:51 Double-Bit Axe
15:46 Fletching
Lauth3
9:42 Feudal Age
10:29 Double-Bit Axe
10:45 Horse Collar
14:43 Loom
16:06 Scale Barding Armor
17:03 Forging
19:37 Bloodlines
23:38 Castle Age
24:29 Gold Mining
25:17 Chain Barding Armor
25:42 Wheelbarrow
bav_tarantula
5:56 Loom
11:21 Feudal Age
15:05 Padded Archer Armor
14:52 Double-Bit Axe
15:46 Fletching
25:03 Castle Age
25:44 Bodkin Arrow
25:24 Crossbowman
27:13 Wheelbarrow
26:24 Town Watch
27:20 Ballistics
Hisoka69
5:36 Loom
8:03 Feudal Age
9:13 Double-Bit Axe
10:57 Loom
13:02 Fletching
14:43 Horse Collar
20:27 Gold Mining
21:16 Wheelbarrow
24:22 Castle Age
25:07 Bloodlines
24:25 Crossbowman
25:02 Bodkin Arrow
25:09 Padded Archer Armor
25:20 Bow Saw
26:26 Husbandry
26:48 Ballistics
Gordito
6:23 Loom
8:25 Feudal Age
9:22 Double-Bit Axe
15:36 Forging
16:56 Scale Barding Armor
18:07 Bloodlines
19:25 Fletching
20:08 Horse Collar
25:36 Castle Age
25:47 Wheelbarrow
25:53 Gold Mining
26:44 Chain Barding Armor
Connection lost

Rejoining the realm…

Still unreachable

The connection could not be restored.

Session expired

The server has moved on; the page needs a fresh start.